 Dungeon Crawl Stone Soup version 0.25.0-9-g26727b657a (webtiles) character file.

Game seed: 5676110696416218584

260 funkygono the Shield-Bearer (level 6, 0/48 HPs)
             Began as a Formicid Fighter on June 18, 2020.
             Killed by nerve-wracking pain
             ... invoked by an orc priest
              (7 damage)
             ... on level 4 of the Dungeon.
             The game lasted 00:07:24 (3052 turns).

funkygono the Shield-Bearer (Formicid Fighter)      Turns: 3052, Time: 00:07:25

Health: 0/48       AC: 14    Str: 22    XL:     6   Next: 41%
Magic:  6/6        EV:  9    Int:  8    God:
Gold:   272        SH: 10    Dex: 10    Spells: 5/5 levels left

rFire    . . .     SeeInvis +   a - +1 long sword
rCold    . . .     Gourm    .   c - +0 kite shield
rNeg     . . .     Faith    .   h - +0 plate armour
rPois    .         Spirit   .   (helmet unavailable)
rElec    .         Reflect  .   (no cloak)
rCorr    .         Harm     .   e - +1 pair of gloves
MR       .....                  (no boots)
Stlth    ..........             (no amulet)
HPRegen  0.16/turn              (no ring)
MPRegen  0.10/turn              r - +4 ring of evasion

@: no status effects
A: permanent stasis, dig shafts and tunnels, four strong arms, antennae 3
a: Dig, Shaft Self


You were on level 4 of the Dungeon.
You were hungry.

You visited 1 branch of the dungeon, and saw 4 of its levels.

You collected 272 gold pieces.

Inventory:

Hand Weapons
 a - a +1 long sword (weapon)
Missiles
 g - 104 stones (quivered)
Armour
 c - a +0 kite shield (worn)
 e - a +1 pair of gloves (worn)
 h - a +0 plate armour (worn)
Jewellery
 n - a +6 ring of dexterity {unknown}
 r - a +4 ring of evasion (right hand)
Wands
 k - a wand of iceblast (8)
 l - a wand of polymorph (11)
 q - a wand of random effects (15)
Scrolls
 b - a scroll of remove curse
 m - a scroll of identify
Potions
 d - 2 potions of might
 i - a potion of brilliance {unknown}
 j - a potion of stabbing {unknown}
 p - a potion of curing {unknown}
Comestibles
 f - 5 rations
 o - 2 chunks of flesh


   Skills:
 + Level 3.9 Fighting
 + Level 4.1 Long Blades
 + Level 4.2 Armour
 + Level 0.1 Dodging
 + Level 5.5 Shields


You had 5 spell levels left.
You didn't know any spells.
Your spell library was empty.

Dungeon Overview and Level Annotations

Branches:
Dungeon (4/15)
 Temple: D:4-7

Altars:
Dithmenos
Fedhas
Gozag
Makhleb
Uskayaw
Yredelemnul


Innate Abilities, Weirdness & Mutations

You cannot be hasted, slowed, berserked, paralysed or teleported.
You can dig through walls and to a lower floor.
Your four strong arms can wield two-handed weapons with a shield.
You have a pair of large antennae on your head. (SInv)


Message History

You slash the orc!
You kill the orc!
The orc hits you but does no damage.
You hit the orc.
The orc is almost dead.
You block the orc's attack.
You hit the orc.
You kill the orc!
The orc priest hits you but does no damage.
Your plate armour prevents you from hitting the orc priest.
The orc priest calls down the wrath of Beogh upon you.
Beogh smites you!
Your plate armour prevents you from hitting the orc priest.
The orc priest invokes the aid of Beogh against you.
Beogh smites you!
* * * LOW HITPOINT WARNING * * *
You hit the orc priest but do no damage.
The orc priest mumbles some strange prayers to Beogh against you.
Pain shoots through your body!
You die...

.... ##.#.###.#.## #).#
##.#.##{##.#.## #..#
##.#.##.#.##.#.# #..#
##.#.##.#.#.##.#. #..#
#.#.##.#.#.#.##.#
##.##.#.##.#..##.#.##.
#.%##.#.##.#.?##.#.##
##..o##[#.##.#..##.#.#
.......#@##.#.##..#.##.#. ##
####..#.#.##.#.##[.#.##.# #.
..#..##.#.##.#.##..#.##.
#.######.#...##.#.##.#.#.#.##.#
#.#....#.#....##.#.##.#.#.##.#.
#.#.##.#.......##.#.##.#.##.#)#
#+#.#......#..#..###.#.##
##.#.## .....###.#.#.....#
##.#.###.#.###
.....'...#.#.#...#
##.#.#.#.###.


You could see an orc priest.

Vanquished Creatures
  A scorpion (D:4)
  2 worker ants (D:4)
  6 adders
  2 oozes
  4 worms
  A dart slug (D:2)
  3 leopard geckos
  6 orcs
  A ball python (D:2)
  8 bats
  5 giant cockroaches
  6 hobgoblins
  9 jackals
  8 kobolds
  4 quokkas
  2 frilled lizards
  5 goblins
  7 rats
80 creatures vanquished.

Notes
Turn   | Place    | Note
-------+----------+-------------------------------------------
     0 | D:1      | funkygono the Formicid Fighter began the quest for the Orb.
     0 | D:1      | Reached XP level 1. HP: 18/18 MP: 1/1
   299 | D:1      | Reached XP level 2. HP: 23/24 MP: 2/2
   714 | D:1      | Reached skill level 4 in Shields
   863 | D:2      | Reached XP level 3. HP: 25/29 MP: 3/3
  1125 | D:2      | Reached XP level 4. HP: 30/37 MP: 4/4
  1330 | D:2      | Found a basalt altar of Yredelemnul.
  1349 | D:2      | Found a hide-covered altar of Uskayaw.
  1477 | D:2      | Found a shadowy altar of Dithmenos.
  1477 | D:2      | Found a blossoming altar of Fedhas.
  1691 | D:3      | Found a burning altar of Makhleb.
  1722 | D:3      | Reached XP level 5. HP: 41/42 MP: 5/5
  1772 | D:3      | Reached skill level 5 in Shields
  2197 | D:3      | Found an opulent altar of Gozag.
  2728 | D:4      | Reached XP level 6. HP: 21/48 MP: 6/6
  3052 | D:4      | Killed from afar by an orc priest

Illustrated notes

Levels and vault maps discovered:
D:1:      minmay_arrival_semitransparent, layout_basic, minmay_fountain_box,
          dk_noncrumbling_3, kennysheep_another_room, minivault_14
D:2:      layout_basic, grunt_temple_overflow_open
D:3:      layout_rooms, grunt_gozag_statues, overflow_temple_1_default,
          minmay_box_of_dots
D:4:      minmay_inner_zag, layout_basic, gammafunk_ghost_mausoleum

Skill      XL: |  1  2  3  4  5  6 |
---------------+-------------------+-----
Shields        | 4 5 |  5.5
Long Blades    | 3 4 |  4.1
Armour         | 4 |  4.2
Fighting       | |  3.9
Dodging        | |  0.1

Action                   |  1- 3 |  4- 6 || total
-------------------------+-------+-------++-------
Melee: Long sword        |   112 |   225 ||   337
Evoke: Wand              |       |     1 ||     1
  Use: Scroll            |     3 |     4 ||     7
  Eat: Chunk             |     1 |     6 ||     7
Armor: Scale mail        |    13 |       ||    13
       Plate armour      |    36 |   124 ||   160
       Chain mail        |     5 |       ||     5
Dodge: Dodged            |    29 |    37 ||    66
Block: Kite shield       |    62 |   135 ||   197
       Rpst.: Long sword |     9 |    13 ||    22
